 Dungeon Sprint DCSS version 0.19-a0-1827-g174f941 (webtiles) character file.

110737 Theye the Axe Maniac (level 16, -16/184 HPs)
             Began as a Deep Dwarf Fighter on Oct 7, 2016.
             Was the Champion of Makhleb.
             Demolished by Qoetsen the pandemonium lord (35 damage)
             ... in the Dungeon (Sprint V: "Ziggurat Sprint").
             The game lasted 00:08:35 (1429 turns).

Theye the Axe Maniac (Deep Dwarf Fighter)           Turns: 1429, Time: 00:08:36

Health: -16/184    AC: 35    Str: 25    XL:     16   Next: 7%
Magic:  29/29      EV: 12    Int:  7    God:    Makhleb [******]
Gold:   0          SH: 44    Dex: 26    Spells: 0 memorised, 15 levels left

rFire  + . .     SeeInvis +     D - +8 mithril axe "Arga" {speed, MR+}
rCold  + . .     Gourm    .     M - +15 Maxwell's patent armour {-Cast -Tele rElec MR+ rCorr}
rNeg   + + +     Faith    .     N - +18 shield of the Gong {rElec rN+ MR+ EV-5}
rPois  +         Spirit   .     B - +0 mask of the Dragon {MR+ Slay+3 SInv}
rElec  +         Dismiss  .     (no cloak)
rCorr  +         Reflect  +     W - +1 pair of gloves {archery}
MR     +++++     Harm     .     O - +0 pair of boots of Hospitality {+Blink Slay+3} (curse)
Stlth  .......... NoTele   +    o - +6 amulet of reflection NoCast +
                                q - ring "Syur" {rPois Dex+4 Slay+3}
                                V - ring of Tishonit {rN++ MR+}

@: mighty, agile, lethally poisoned (-16 -> -31), resistant, very slightly
contaminated, non-regenerating, hasted, very quick
A: damage resistance, recharge devices, blurry vision 1, dopey 2, negative
energy resistance 1, sense surroundings 2, slow regeneration 3, subdued magic 1
a: Device Recharging, Minor Destruction, Lesser Servant of Makhleb, Major
Destruction, Greater Servant of Makhleb, Renounce Religion, Evoke Blink


You were in the Dungeon.
You worshipped Makhleb.
Makhleb was exalted by your worship.
You were not hungry.

You visited 1 branch

Inventory:

Hand Weapons
 a - a +0 war axe
 D - the +8 mithril axe "Arga" (weapon) {speed, MR+}
   (You found it in the Dungeon)

   Attacks with this weapon are significantly faster.
   It affects your resistance to hostile enchantments.
 L - the +14 obsidian axe {chop, +Fly SInv *Curse}
   (You found it in the Dungeon)

   It inflicts extra damage upon your enemies.
   It lets you see invisible.
   It lets you fly.
   It may re-curse itself when equipped.
Armour
 b - a +0 scale mail
 c - a +0 shield
 m - a +5 gold dragon armour
 B - the +0 mask of the Dragon (worn) {MR+ Slay+3 SInv}
   (You found it in the Dungeon)

   It affects your accuracy and damage with ranged weapons and melee attacks
   (+3).
   It affects your resistance to hostile enchantments.
   It lets you see invisible.
 M - the +15 Maxwell's patent armour (worn) {-Cast -Tele rElec MR+ rCorr}
   (You found it in the Dungeon)

   It insulates you from electricity.
   It affects your resistance to hostile enchantments.
   It prevents spellcasting.
   It prevents most forms of teleportation.
   It protects you from acid and corrosion.
 N - the +18 shield of the Gong (worn) {rElec rN+ MR+ EV-5}
   (You found it in the Dungeon)

   It affects your evasion (-5).
   It insulates you from electricity.
   It protects you from negative energy.
   It affects your resistance to hostile enchantments.
 O - the cursed +0 pair of boots of Hospitality (worn) {+Blink Slay+3}
   (You found it in the Dungeon)

   It affects your accuracy and damage with ranged weapons and melee attacks
   (+3).
   It lets you blink.
   It has a curse placed upon it.
 U - a +0 helmet of see invisible
 W - a +1 pair of gloves of archery (worn)
Rods
 F - a +9 rod of ignition (9/9)
   (You found it in the Dungeon)
Jewellery
 o - a +6 amulet of reflection (around neck)
 q - the ring "Syur" (right hand) {rPois Dex+4 Slay+3}
   (You found it in the Dungeon)

   [ring of dexterity]

   It affects your dexterity (+4).
   It affects your accuracy and damage with ranged weapons and melee attacks
   (+3).
   It protects you from poison.
 C - the cursed ring "Ohal" {+Inv EV-4 Int+2}
   (You found it in the Dungeon)

   [ring of evasion]

   It affects your evasion (-4).
   It affects your intelligence (+2).
   It lets you turn invisible.
   It has a curse placed upon it.
 E - the amulet "Ehup Ela" {Regen+ Str+5 Dex+3}
   (You found it in the Dungeon)

   [amulet of regeneration]

   It affects your strength (+5).
   It affects your dexterity (+3).
   It increases your rate of regeneration.
 V - the ring of Tishonit (left hand) {rN++ MR+}
   (You found it in the Dungeon)

   [ring of protection from magic]

   It greatly protects you from negative energy.
   It affects your resistance to hostile enchantments.
 Y - the ring of the Blind Eye {+Fly rElec Str+5 Dex-2}
   (You found it in the Dungeon)

   [ring of flight]

   It affects your strength (+5).
   It affects your dexterity (-2).
   It insulates you from electricity.
   It lets you fly.
Wands
 e - a wand of heal wounds (4/9)
 H - a wand of disintegration (7/24)
 I - a wand of iceblast (5/15)
 J - a wand of lightning (5/15)
 K - a wand of acid (5/15)
Scrolls
 l - 4 scrolls of blinking
 s - 4 scrolls of amnesia
 t - 3 scrolls of recharging
 u - 7 scrolls of fog
 v - a scroll of holy word
 w - 5 scrolls of identify
 x - 4 scrolls of remove curse
 y - 2 scrolls of fear
Potions
 d - 2 potions of might
 g - 10 potions of curing
 h - 8 potions of heal wounds
 i - 4 potions of haste
 j - 7 potions of magic
 k - a potion of berserk rage
 n - 2 potions of brilliance
 p - 2 potions of resistance
 r - 4 potions of agility
Miscellaneous
 P - a box of beasts
Comestibles
 f - 5 bread rations
 z - 42 fruits
 A - 3 meat rations


   Skills:
 + Level 22.1 Fighting
 O Level 27 Axes
 + Level 14.3 Armour
 + Level 5.7 Dodging
 + Level 26.3 Shields
 * Level 18.4 Evocations


You had 15 spell levels left.
You didn't know any spells.

Dungeon Overview and Level Annotations

Branches:
Dungeon (1/1)

Altars:
Ashenzari
Cheibriados
Dithmenos
Elyvilon
Fedhas
Gozag
Hepliaklqana
Kikubaaqudgha
Makhleb
Nemelex Xobeh
Okawaru
Qazlal
Ru
Sif Muna
Trog
Uskayaw
Vehumet
Xom
Yredelemnul
Zin
The Shining One
Beogh
Jiyva
Lugonu


Innate Abilities, Weirdness & Mutations

You are resistant to damage.
You can recharge devices by infusing magical energy.
You resist negative energy. (rN+)
You passively map the area around you.
You do not regenerate.
Scrolls take you a little longer to read.
Your spells are a little easier to cast, but a little less powerful.
[You are very dopey. (Int -4)]


Message History

GONNNNG!
The torturous corrupter utters an invocation to its god.
You feel stupid. Xicyisai hits you but does no damage.
Xueheum gestures.
You block Liunuale's attack.
GONNNNG!
You hit Qoetsen.
Qoetsen is heavily wounded.
You hit Liunuale. You completely miss Xicyisai. You slash Rug Rekk!
You slice Videzxem!! You slash Lusulu Xeas! You slice Enoco Tisa!!
Enoco Tisa hits you!!
* * * LOW HITPOINT WARNING * * *
You are poisoned.
Rug Rekk hits you!
* * * LOW HITPOINT WARNING * * *
You block Videzxem's attack.
PANG!
Qoetsen hits you!!!
You die...

* ,, , ,, , *..[))|.:::) *
)|[)}[|)}:..▓....)[)..[|
,...24446XX...▓......)....
,,...322&D46....▓......)()).
.....&2&&X&2...▓......).)(.
.....4.41&g3.g1.▓......)))..
....444&r&&&63..▓...........
* ......&&&&&&&K.▓...........
......6G&&@&1..▓........... .
▓.....g&▓&l..▓...▓....... *
.. ▓▓....4▓▓▓...▓...........
...▓.......▓....▓...........
,................▓...........
,................▓▓▓▓▓▓▓▓▓▓▓▓
................▓ ,, 8©8 *
▓▓▓▓▓▓▓▓▓▓▓▓▓▓▓▓▓ , , ,, 8 8
, * , ,


You could see Addaosto, Agior, Dimmubo, Dot Akenk, Enoco Tisa, Hazetz,
Hepuppugo, Jichakh, Liunuale, Lusulu Xeas, Pirhopro (invisible), Qoetsen,
Quycaf, Rug Rekk, Tuchy, Tuurheiv, Videzxem, Widdir, Xauzae (invisible),
Xicyisai, Xiej, Xueheum (invisible), 2 Hell Sentinels, a golden dragon, a
monstrous demonspawn, an Ice Fiend, 3 cacodemons, a torturous warmonger, 2
balrugs, a torturous corrupter, an infernal black sun, a great orb of eyes, 2
orange demons, 3 large abominations, 6 hellwings, 3 smoke demons, a chaos spawn,
a red devil, 2 hobgoblins, a goblin, a kobold, a frilled lizard and a rat.

Vanquished Creatures
  2 shard shrikes (shapeshifter) (D)
  A golden dragon (shapeshifter) (D)
  A hellephant (shapeshifter) (D)
  3 liches (D)
  A quicksilver dragon (shapeshifter) (D)
  A deep elf master archer (D)
  An acid blob (shapeshifter) (D)
  5 shadow dragons (D)
  An iron dragon (shapeshifter) (D)
  A deep elf sorcerer (D)
  A balrug (D)
  A draconian zealot (D)
  A reaper (D)
  A stone giant (D)
  4 black draconians (D)
  2 white draconians (D)
  4 green draconians (D)
  A red draconian (D)
  A deep elf annihilator (D)
  2 purple draconians (D)
  8 mottled draconians (D)
  4 merfolk javelineers (D)
  A yaktaur captain (D)
  A great orb of eyes (shapeshifter) (D)
  A deep elf high priest (D)
  3 merfolk impalers (D)
  13 vault guards (D)
  A hydra (D)
  4 merfolk aquamancers (D)
  A merfolk avatar (D)
  A ghost crab (shapeshifter) (D)
  2 dancing weapons (D)
  2 hell hogs (D)
  4 soul eaters (D)
  2 deep elf knights (D)
  A fire crab (shapeshifter) (D)
  A sixfirhy (D)
  3 sea snakes (D)
  A flayed ghost (D)
  2 harpies (shapeshifter) (D)
  A spriggan druid (D)
  A lindwurm (shapeshifter) (D)
  A deep elf archer (D)
  2 necromancers (D)
  A harpy (D)
  A cyclops (D)
  4 deep elf magi (D)
  2 shining eyes (D)
  4 manticores (D)
  4 toenail golems (D)
  2 ugly things (D)
  A water nymph (shapeshifter) (D)
  2 water nymphs (D)
  A siren (D)
  An elephant (D)
  A torpor snail (shapeshifter) (D)
  A hellion (D)
  A rime drake (shapeshifter) (D)
  A spiny frog (D)
  3 tormentors (D)
  2 komodo dragons (D)
  A komodo dragon (shapeshifter) (D)
  8 merfolk (D)
  A polar bear (D)
  7 yaktaurs (D)
  3 jumping spiders (shapeshifter) (D)
  4 wind drakes (D)
  A queen bee (shapeshifter) (D)
  2 two-headed ogres (shapeshifter) (D)
  2 snapping turtles (D)
  A blink frog (D)
  2 hippogriffs (shapeshifter) (D)
  2 hippogriffs (D)
  A snapping turtle (shapeshifter) (D)
  A flying skull (D)
  2 yaks (D)
  2 shadows (D)
  A fire elemental (D)
  3 neqoxecs (D)
  A chaos spawn (D)
  A soldier ant (shapeshifter) (D)
  3 nagas (D)
  4 swamp worms (shapeshifter) (D)
  A porcupine (D)
  4 water moccasins (D)
  5 orc warriors (D)
  6 black bears (D)
  2 necrophages (D)
  A boggart (shapeshifter) (D)
  A phantom (D)
  A wolf (D)
  An earth elemental (D)
  A bullfrog (D)
  2 wights (D)
  3 orc priests (D)
  2 orc wizards (D)
  An iron imp (D)
  2 adders (D)
  An ufetubus (D)
  A spectral adder (D)
  3 adder zombies (D)
  10 adder skeletons (D)
  2 orcs (D)
  4 spectral bats (D)
  8 bat skeletons (D)
  4 bat zombies (D)
  A ball python skeleton (D)
  2 ball python zombies (D)
  A jackal skeleton (D)
  3 jackal zombies (D)
  3 leopard gecko skeletons (D)
  2 quokka skeletons (D)
  2 spectral ball pythons (D)
  A spectral giant cockroach (D)
  2 spectral quokkas (D)
264 creatures vanquished.

Vanquished Creatures (collateral kills)
  A ghoul (D)
  A deep elf mage (D)
  A water elemental (D)
  An orc priest (D)
  An adder zombie (D)
  A spectral bat (D)
  A ball python (D)
7 creatures vanquished.

Vanquished Creatures (others)
  A merfolk avatar (D)
  A sea snake (D)
  A deep troll (shapeshifter) (D)
  2 adder zombies (D)
  A bat skeleton (D)
  A ball python skeleton (D)
7 creatures vanquished.

Grand Total: 278 creatures vanquished

Notes
Turn   | Place    | Note
-------+----------+-------------------------------------------
     0 | D        | Theye the Deep Dwarf Fighter began the quest for the Orb.
     0 | D        | Reached XP level 1. HP: 20/20 MP: 1/1
     7 | D        | Found a deep blue altar of Sif Muna.
     7 | D        | Found a bloodstained altar of Trog.
     7 | D        | Found a sacrificial altar of Ru.
     7 | D        | Found a stormy altar of Qazlal.
     7 | D        | Found an iron altar of Okawaru.
     8 | D        | Found a sparkling altar of Nemelex Xobeh.
     8 | D        | Found a blossoming altar of Fedhas.
    10 | D        | Found an ancient bone altar of Kikubaaqudgha.
    10 | D        | Found a viscous altar of Jiyva.
    10 | D        | Found a corrupted altar of Lugonu.
    10 | D        | Found a hazy altar of Hepliaklqana.
    10 | D        | Found a burning altar of Makhleb.
    10 | D        | Found an opulent altar of Gozag.
    49 | D        | Reached skill level 5 in Axes
    49 | D        | Reached XP level 2. HP: 30/30 MP: 2/2
    55 | D        | Became a worshipper of Makhleb the Destroyer
    62 | D        | Entered arena 1.
    62 | D        | Noticed a merfolk
    62 | D        | Noticed a merfolk
    67 | D        | Killed a merfolk
    67 | D        | Reached skill level 7 in Axes
    67 | D        | Reached XP level 3. HP: 40/40 MP: 3/3
    67 | D        | Reached XP level 4. HP: 48/48 MP: 4/4
    67 | D        | Reached XP level 5. HP: 55/55 MP: 5/5
    69 | D        | Killed a merfolk
    69 | D        | Reached skill level 8 in Axes
    69 | D        | Reached XP level 6. HP: 66/66 MP: 6/6
    74 | D        | Got the ring "Syur" {rPois Dex+4 Slay+3}
   195 | D        | Entered arena 2.
   195 | D        | Noticed a chaos spawn
   197 | D        | Reached * piety under Makhleb
   204 | D        | Killed a chaos spawn
   204 | D        | Reached skill level 9 in Axes
   204 | D        | Reached XP level 7. HP: 72/72 MP: 7/7
   210 | D        | Entered arena 3.
   210 | D        | Noticed a toenail golem
   210 | D        | Noticed a toenail golem
   210 | D        | Noticed a toenail golem
   210 | D        | Noticed a toenail golem
   215 | D        | Killed a toenail golem
   215 | D        | Reached ** piety under Makhleb
   215 | D        | Reached skill level 10 in Axes
   216 | D        | Killed a toenail golem
   216 | D        | Reached skill level 11 in Axes
   216 | D        | Reached skill level 10 in Armour
   216 | D        | Reached skill level 10 in Shields
   216 | D        | Reached XP level 8. HP: 82/82 MP: 8/8
   217 | D        | Killed a toenail golem
   219 | D        | Killed a toenail golem
   219 | D        | Reached *** piety under Makhleb
   219 | D        | Reached skill level 12 in Axes
   219 | D        | Noticed a rust devil
   266 | D        | Entered arena 4.
   266 | D        | Noticed a merfolk
   266 | D        | Noticed a merfolk
   266 | D        | Noticed a merfolk
   266 | D        | Noticed a merfolk
   272 | D        | Killed a merfolk
   272 | D        | Reached skill level 13 in Axes
   272 | D        | Gained mutation: You passively map the area around you. [Deep Dwarf growth]
   272 | D        | Reached XP level 9. HP: 91/91 MP: 9/9
   274 | D        | Killed a merfolk
   276 | D        | Killed a merfolk
   280 | D        | Killed a merfolk
   280 | D        | Reached **** piety under Makhleb
   280 | D        | Reached skill level 14 in Axes
   282 | D        | Got the amulet "Natid" {RegenMP +Inv Int+3}
   285 | D        | Got the ring of Ahezye {rElec rPois Str+2 Int+5}
   286 | D        | Entered arena 5.
   296 | D        | Entered arena 6.
   296 | D        | Noticed a deep elf mage
   296 | D        | Noticed a deep elf archer
   296 | D        | Noticed a deep elf knight
   296 | D        | Noticed a deep elf mage
   296 | D        | Noticed a deep elf mage
   300 | D        | Noticed a smoke demon
   300 | D        | Killed a deep elf mage
   300 | D        | Reached ***** piety under Makhleb
   301 | D        | Noticed a demonic crawler
   302 | D        | Killed a deep elf knight
   302 | D        | Reached skill level 10 in Fighting
   302 | D        | Reached skill level 15 in Axes
   302 | D        | Reached XP level 10. HP: 102/102 MP: 10/10
   305 | D        | Killed a deep elf mage
   305 | D        | Reached skill level 16 in Axes
   307 | D        | Killed a deep elf mage
   310 | D        | Killed a deep elf archer
   310 | D        | Reached skill level 17 in Axes
   314 | D        | Entered arena 7.
   319 | D        | Reached ****** piety under Makhleb
   327 | D        | Got the ring "Qivurru" {rElec rPois}
   328 | D        | Entered arena 8.
   345 | D        | Entered arena 9.
   345 | D        | Noticed a spriggan druid
   355 | D        | Reached skill level 18 in Axes
   364 | D        | Killed a spriggan druid
   372 | D        | Entered arena 10.
   372 | D        | Noticed a sea snake
   377 | D        | Killed a sea snake
   380 | D        | Reached XP level 11. HP: 110/110 MP: 11/11
   404 | D        | Entered arena 11.
   404 | D        | Noticed a necromancer
   405 | D        | Noticed a necromancer
   408 | D        | Reached skill level 19 in Axes
   415 | D        | Killed a necromancer
   422 | D        | Killed a necromancer
   430 | D        | Got the ring of Tishonit {rN++ MR+}
   436 | D        | Entered arena 12.
   436 | D        | Noticed a deep elf annihilator
   436 | D        | Noticed a deep elf master archer
   436 | D        | Noticed a deep elf mage
   436 | D        | Noticed a deep elf knight
   437 | D        | Noticed a flail of protection
   437 | D        | Noticed a deep elf high priest
   437 | D        | Noticed a deep elf sorcerer
   437 | D        | Noticed a deep elf mage
   438 | D        | Noticed a battleaxe of distortion
   445 | D        | Killed a flail of protection
   446 | D        | Killed a deep elf sorcerer
   446 | D        | Reached skill level 20 in Axes
   449 | D        | Killed a battleaxe of distortion
   451 | D        | Killed a deep elf knight
   454 | D        | Killed a deep elf high priest
   464 | D        | Killed a deep elf master archer
   464 | D        | Reached skill level 21 in Axes
   464 | D        | Reached skill level 15 in Shields
   466 | D        | Killed a deep elf mage
   466 | D        | Killed a deep elf mage
   466 | D        | Reached XP level 12. HP: 97/123 MP: 12/12
   470 | D        | Killed a deep elf annihilator
   713 | D        | Entered arena 13.
   714 | D        | Noticed a ghoul
   736 | D        | Killed a ghoul
   765 | D        | Got the ring "Lofois" {rC- Str+3 Dex+2 SInv}
   841 | D        | Entered arena 14.
   843 | D        | Noticed a seven-headed hydra
   851 | D        | Reached skill level 22 in Axes
   864 | D        | Killed a 19-headed hydra
   881 | D        | Entered arena 15.
   882 | D        | Noticed a merfolk javelineer
   882 | D        | Noticed a merfolk impaler
   882 | D        | Noticed a merfolk javelineer
   882 | D        | Noticed a merfolk avatar
   882 | D        | Noticed a merfolk impaler
   891 | D        | Killed a merfolk avatar
   898 | D        | Killed a merfolk javelineer
   903 | D        | Killed a merfolk impaler
   905 | D        | Killed a merfolk impaler
   905 | D        | Reached skill level 23 in Axes
   911 | D        | Killed a merfolk javelineer
   919 | D        | Got the ring of Munwacim {AC+1 Dex+3 SInv}
   921 | D        | Got the cursed +0 pair of boots of Hospitality {+Blink Slay+3}
   944 | D        | Entered arena 16.
   959 | D        | Noticed a hell hog
   959 | D        | Noticed a great orb of eyes
   959 | D        | a hill giant changed into a great orb of eyes
   962 | D        | Gained mutation: [You are dopey. (Int -2)] [a neqoxec]
   962 | D        | Gained mutation: Your spells are a little easier to cast, but a little less powerful. [a shining eye]
   963 | D        | a hell hog changed into a faun
   965 | D        | Gained mutation: Scrolls take you a little longer to read. [a neqoxec]
   968 | D        | Killed a great orb of eyes
   968 | D        | Reached XP level 13. HP: 133/135 MP: 13/13
   995 | D        | Entered arena 17.
   999 | D        | Noticed a shadow dragon
  1013 | D        | Reached skill level 24 in Axes
  1020 | D        | Killed a shadow dragon
  1028 | D        | Entered arena 18.
  1035 | D        | Noticed a merfolk javelineer
  1035 | D        | Noticed a merfolk javelineer
  1036 | D        | Noticed a merfolk impaler
  1039 | D        | Reached skill level 15 in Fighting
  1061 | D        | Reached skill level 25 in Axes
  1078 | D        | Killed a merfolk javelineer
  1081 | D        | Killed a merfolk javelineer
  1092 | D        | Killed a merfolk impaler
  1113 | D        | Got the ring of the Blind Eye {+Fly rElec Str+5 Dex-2}
  1118 | D        | Got the ring "Utoruleiw" {rPois rC+ MP+9 Slay-2}
  1150 | D        | Entered arena 19.
  1155 | D        | Noticed a white draconian
  1155 | D        | Noticed a mottled draconian
  1155 | D        | Noticed a mottled draconian
  1155 | D        | Noticed a green draconian
  1155 | D        | Noticed a white draconian
  1155 | D        | Noticed a black draconian
  1155 | D        | Noticed a mottled draconian
  1155 | D        | Noticed a purple draconian
  1155 | D        | Noticed a mottled draconian
  1155 | D        | Noticed a mottled draconian
  1155 | D        | Noticed a mottled draconian
  1156 | D        | Noticed a red draconian
  1156 | D        | Noticed a black draconian
  1156 | D        | Noticed a green draconian
  1156 | D        | Noticed a black draconian
  1156 | D        | Noticed a purple draconian
  1157 | D        | Noticed a black draconian
  1157 | D        | Noticed a mottled draconian
  1157 | D        | Noticed a green draconian
  1158 | D        | Noticed a yellow draconian zealot
  1158 | D        | Noticed a mottled draconian
  1158 | D        | Noticed a green draconian
  1163 | D        | Killed a black draconian
  1163 | D        | Reached skill level 1 in Evocations
  1166 | D        | Killed a mottled draconian
  1168 | D        | Killed a purple draconian
  1171 | D        | Killed a purple draconian
  1171 | D        | Gained mutation: You resist negative energy. (rN+) [Deep Dwarf growth]
  1171 | D        | Reached XP level 14. HP: 139/150 MP: 13/17
  1173 | D        | Reached skill level 5 in Evocations
  1181 | D        | Killed a yellow draconian zealot
  1188 | D        | Reached skill level 26 in Axes
  1236 | D        | Entered arena 20.
  1241 | D        | Noticed a shard shrike
  1242 | D        | Noticed a hellephant
  1242 | D        | Noticed an acid blob
  1242 | D        | Noticed a glowing shapeshifter
  1242 | D        | Noticed a shard shrike
  1242 | D        | Noticed a titan
  1242 | D        | a glowing shapeshifter changed into a titan
  1243 | D        | Noticed a golden dragon
  1243 | D        | an acid blob changed into a golden dragon
  1243 | D        | Noticed a titan
  1243 | D        | a shard shrike changed into a titan
  1245 | D        | Noticed a golden dragon
  1246 | D        | Noticed a hellephant
  1246 | D        | Killed a shard shrike
  1246 | D        | Reached skill level 27 in Axes
  1246 | D        | Reached skill level 10 in Evocations
  1246 | D        | Noticed an iron giant
  1246 | D        | a golden dragon changed into an iron giant
  1248 | D        | Noticed a titan
  1248 | D        | a hellephant changed into a titan
  1250 | D        | Noticed a hellephant
  1250 | D        | a titan changed into a hellephant
  1251 | D        | Paralysed by a floating eye for 3 turns
  1253 | D        | Noticed a shadow dragon
  1253 | D        | an iron giant changed into a shadow dragon
  1253 | D        | Noticed a juggernaut
  1253 | D        | a hellephant changed into a juggernaut
  1254 | D        | Noticed a frost giant
  1254 | D        | a shadow dragon changed into a frost giant
  1254 | D        | Noticed a shard shrike
  1254 | D        | a titan changed into a shard shrike
  1255 | D        | Noticed a caustic shrike
  1255 | D        | a golden dragon changed into a caustic shrike
  1255 | D        | Noticed a juggernaut
  1255 | D        | a shard shrike changed into a juggernaut
  1256 | D        | Noticed a shadow dragon
  1256 | D        | a frost giant changed into a shadow dragon
  1256 | D        | Noticed an iron giant
  1256 | D        | a caustic shrike changed into an iron giant
  1256 | D        | Noticed a shard shrike
  1256 | D        | a juggernaut changed into a shard shrike
  1259 | D        | Noticed a juggernaut
  1259 | D        | a titan changed into a juggernaut
  1259 | D        | Noticed a caustic shrike
  1259 | D        | an iron giant changed into a caustic shrike
  1263 | D        | Killed a shard shrike
  1263 | D        | Noticed a caustic shrike
  1263 | D        | a shadow dragon changed into a caustic shrike
  1263 | D        | Noticed a juggernaut
  1263 | D        | a hellephant changed into a juggernaut
  1265 | D        | Noticed an iron dragon
  1265 | D        | a caustic shrike changed into an iron dragon
  1265 | D        | Noticed a titan
  1265 | D        | a juggernaut changed into a titan
  1265 | D        | Noticed a quicksilver dragon
  1265 | D        | a caustic shrike changed into a quicksilver dragon
  1271 | D        | Killed a quicksilver dragon
  1274 | D        | Noticed a hellephant
  1274 | D        | a juggernaut changed into a hellephant
  1274 | D        | Noticed a golden dragon
  1274 | D        | a titan changed into a golden dragon
  1276 | D        | Reached XP level 15. HP: 153/163 MP: 20/24
  1276 | D        | Noticed a caustic shrike
  1276 | D        | an iron dragon changed into a caustic shrike
  1276 | D        | Noticed a caustic shrike
  1276 | D        | a juggernaut changed into a caustic shrike
  1279 | D        | Noticed an acid blob
  1279 | D        | a caustic shrike changed into an acid blob
  1281 | D        | Noticed an iron dragon
  1281 | D        | a caustic shrike changed into an iron dragon
  1284 | D        | Killed a golden dragon
  1285 | D        | Killed a hellephant
  1288 | D        | Killed an acid blob
  1291 | D        | Killed an iron dragon
  1301 | D        | Entered arena 21.
  1305 | D        | Noticed a shadow dragon
  1305 | D        | Noticed a lich
  1306 | D        | Noticed a shadow dragon
  1306 | D        | Noticed a lich
  1306 | D        | Noticed a lich
  1306 | D        | Noticed a shadow dragon
  1306 | D        | Noticed a shadow dragon
  1313 | D        | Killed a lich
  1313 | D        | Reached skill level 5 in Dodging
  1320 | D        | Killed a shadow dragon
  1320 | D        | Reached skill level 15 in Evocations
  1327 | D        | Killed a lich
  1331 | D        | Killed a shadow dragon
  1338 | D        | Killed a lich
  1342 | D        | Killed a shadow dragon
  1344 | D        | Killed a shadow dragon
  1357 | D        | Entered arena 22.
  1377 | D        | Reached XP level 16. HP: 72/183 MP: 27/29
  1398 | D        | Got the cursed ring "Ohal" {+Inv EV-4 Int+2}
  1400 | D        | Got the amulet "Ehup Ela" {Regen+ Str+5 Dex+3}
  1403 | D        | Entered arena 23.
  1409 | D        | Noticed Qoetsen the pandemonium lord
  1409 | D        | Noticed Lusulu Xeas the pandemonium lord
  1409 | D        | Noticed Videzxem the pandemonium lord
  1409 | D        | Noticed Widdir the pandemonium lord
  1409 | D        | Noticed Pirhopro the pandemonium lord
  1409 | D        | Noticed Rug Rekk the pandemonium lord
  1409 | D        | Noticed an Ice Fiend
  1409 | D        | Noticed Xauzae the pandemonium lord
  1410 | D        | Noticed Jichakh the pandemonium lord
  1410 | D        | Noticed Enoco Tisa the pandemonium lord
  1410 | D        | Noticed Xicyisai the pandemonium lord
  1410 | D        | Noticed Dimmubo the pandemonium lord
  1411 | D        | Noticed Liunuale the pandemonium lord
  1411 | D        | Noticed Xiej the pandemonium lord
  1411 | D        | Noticed Xueheum the pandemonium lord
  1411 | D        | Noticed Tuchy the pandemonium lord
  1412 | D        | Noticed Addaosto the pandemonium lord
  1412 | D        | Noticed Tuurheiv the pandemonium lord
  1413 | D        | Noticed Hepuppugo the pandemonium lord
  1413 | D        | Noticed Hazetz the pandemonium lord
  1414 | D        | Noticed Agior the pandemonium lord
  1415 | D        | Noticed Dot Akenk the pandemonium lord
  1416 | D        | Noticed Quycaf the pandemonium lord
  1418 | D        | Noticed a golden dragon
  1421 | D        | Noticed a Hell Sentinel
  1422 | D        | Noticed a Hell Sentinel
  1429 | D        | Demolished by Qoetsen the pandemonium lord

Vault maps used:
D:        sprint_v

Skill      XL: |  1  2  3  4  5  6  7  8  9 10 11 12 13 14 15 16 |
---------------+-------------------------------------------------+-----
Fighting       | 3 6 7 8 9 10 12 14 16 18 21 22 | 22.1
Axes           | 5 7 8 9 11 13 15 18 21 23 25 27 | 27.0
Armour         | 4 7 8 9 10 11 12 13 14 | 14.3
Dodging        | 3 4 5 |  5.7
Shields        | 4 7 8 10 11 12 13 15 17 20 23 26 | 26.3
Evocations     | 4 12 18 | 18.4

Action                   |  1- 3 |  4- 6 |  7- 9 | 10-12 | 13-15 | 16-18 || total
-------------------------+-------+-------+-------+-------+-------+-------++-------
Melee: Broad axe         |     3 |     9 |    27 |   170 |   262 |    25 ||   496
Evoke: Wand              |       |       |       |     1 |       |       ||     1
       Box of beasts     |       |       |       |       |       |     1 ||     1
  Use: Potion            |     2 |       |     1 |     6 |     3 |     6 ||    18
       Scroll            |       |       |       |     1 |       |       ||     1
 Stab: Invisible         |       |       |       |    11 |    12 |       ||    23
       Distracted        |       |       |       |     3 |       |       ||     3
  Eat: Meat ration       |       |       |       |     1 |       |       ||     1
Armor: Plate armour      |     1 |       |     7 |    88 |   143 |     7 ||   246
Dodge: Dodged            |       |       |     2 |    14 |    29 |     4 ||    49
Block: Shield            |     5 |     9 |    36 |   218 |   390 |    40 ||   698
       Reflection        |       |       |       |       |    21 |       ||    21
